[Event "Titled Tuesday Blitz June 28 Late 2022"]
[White "Deac, Bogdan-Daniel"]
[Black "Rostovtsev, Dmitry"]
[WhiteFideId "1226380"]
[BlackFideId "34278320"]
[WhiteElo "2648"]
[BlackElo "2311"]
[Result "1-0"]
[Round "07"]
[TimeControl "180+1"]
[Date "2022.06.28"]
[WhiteClock "0:00:06"]
[BlackClock "0:00:29"]

1. Nf3 Nf6 2. g3 g6 3. Bg2 Bg7 4. O-O O-O 5. d4 d6 6. b3 e5 7. dxe5 dxe5 8. Bb2 e4 9. Ne5 Qxd1 10. Rxd1 Ng4 11. Nc4 Bxb2 12. Nxb2 f5 13. Nc3 Nc6 14. Nd5 Rf7 15. f3 exf3 16. exf3 Nf6 17. f4 Be6 18. Nxf6+ Rxf6 19. Bxc6 bxc6 20. c4 Rff8 21. Nd3 Bd7 22. Nc5 Bc8 23. Re1 Kf7 24. Rad1 a5 25. Nd7 Bxd7 26. Rxd7+ Kf6 27. Rde7 Rf7 28. R1e6+ Kg7 29. Rxf7+ Kxf7 30. Rxc6 Rd8 31. Rxc7+ Kf6 32. Rxh7 Rd2 33. a4 Rb2 34. Rb7 Rc2 35. Rb5 Rb2 36. c5 Ke6 37. Rxa5 Rxb3 38. Ra6+ Kd5 39. Rxg6 Ke4 40. Kg2 Rb2+ 41. Kh3 Kf3 42. c6 Rb8 43. Kh4 Ra8 44. Kg5 Ra5 45. c7 Rc5 46. Rg7 Kg2 47. Rh7 Kf3 48. a5 Kg2 49. a6 Rxc7 50. Rxc7 1-0


[Site "https://www.chess.com"]

[Event "Titled Tuesday Blitz June 28 Late 2022"]
[White "Desideri, Ricardo Maruchi"]
[Black "Romero Ruscalleda, Josep"]
[WhiteFideId "2110440"]
[BlackFideId "2231859"]
[WhiteElo "1945"]
[BlackElo "2273"]
[Result "1-0"]
[Round "07"]
[TimeControl "180+1"]
[Date "2022.06.29"]
[WhiteClock "0:00:03"]
[BlackClock "0:00:06"]

1. e4 g6 2. d4 Bg7 3. c4 d6 4. Nc3 e5 5. d5 Ne7 6. Be2 f5 7. Nf3 O-O 8. Ng5 h6 9. Ne6 Bxe6 10. dxe6 Nbc6 11. O-O Nd4 12. exf5 Nexf5 13. Bf3 c6 14. Be3 Nxe6 15. Ne4 Nfd4 16. Bg4 d5 17. Bxe6+ Nxe6 18. cxd5 cxd5 19. Ng3 Rf7 20. Qd2 Kh7 21. f4 d4 22. f5 gxf5 23. Bf2 Qg5 24. Qc2 e4 25. Be1 Raf8 26. Bb4 Re8 27. Nxe4 Qe3+ 28. Nf2 Nf4 29. Rae1 Ne2+ 30. Kh1 b6 31. Nd1 Qe5 32. Bd2 1-0


[Site "https://www.chess.com"]

[Event "Titled Tuesday Blitz June 28 Late 2022"]
[White "Djokic, Mihailo"]
[Black "Svane, Rasmus"]
[WhiteFideId "976440"]
[BlackFideId "4657101"]
[WhiteElo "2255"]
[BlackElo "2674"]
[Result "0-1"]
[Round "07"]
[TimeControl "180+1"]
[Date "2022.06.28"]
[WhiteClock "0:01:03"]
[BlackClock "0:01:28"]

1. e4 c6 2. d4 d5 3. e5 Bf5 4. h4 h5 5. Bg5 Qb6 6. Bd3 Qxd4 7. Nf3 Qg4 8. Bxf5 Qxf5 9. O-O f6 10. c4 e6 11. exf6 gxf6 12. Nd4 Qg4 13. f3 Qg3 14. cxd5 fxg5 15. Nxe6 Bd6 16. f4 gxh4 17. dxc6 h3 18. Qe2 Nxc6 19. Nc7+ Kd7 20. Nxa8 Nf6 21. Kh1 Rg8 22. Rg1 Ng4 0-1


[Site "https://www.chess.com"]

[Event "Titled Tuesday Blitz June 28 Late 2022"]
[White "Domingo Nunez, Ruben"]
[Black "Ozates, Tuna"]
[WhiteFideId "22245570"]
[BlackFideId "6354521"]
[WhiteElo "2615"]
[BlackElo "2475"]
[Result "1-0"]
[Round "07"]
[TimeControl "180+1"]
[Date "2022.06.29"]
[WhiteClock "0:02:06"]
[BlackClock "0:01:54"]

1. c4 g6 2. Nc3 Bg7 3. g3 c5 4. Bg2 Nc6 5. Nf3 d6 6. O-O e5 7. Rb1 Be6 8. b3 f5 9. d3 h6 10. Bb2 Nge7 11. e3 O-O 12. d4 cxd4 13. exd4 e4 14. d5 exf3 15. Bxf3 f4 16. dxe6 Ne5 17. Bxb7 f3 18. Bxa8 Qxa8 19. Nd5 Qd8 20. Bxe5 Bxe5 21. Re1 Kh7 22. Re3 Nxd5 23. Qxd5 Qf6 24. Rxf3 Qe7 25. Rxf8 Qxf8 26. Re1 1-0


[Site "https://www.chess.com"]

[Event "Titled Tuesday Blitz June 28 Late 2022"]
[White "Donatti, Alvaro"]
[Black "Rosenberg, Evan S"]
[WhiteFideId "3000303"]
[BlackFideId "2019299"]
[WhiteElo "2138"]
[BlackElo "2198"]
[Result "0-1"]
[Round "07"]
[TimeControl "180+1"]
[Date "2022.06.29"]
[WhiteClock "0:01:10"]
[BlackClock "0:01:04"]

1. e4 e6 2. d4 d5 3. e5 c5 4. c3 Nc6 5. Nf3 Qb6 6. Bd3 cxd4 7. cxd4 Bd7 8. Bc2 Rc8 9. Nc3 a6 10. O-O Be7 11. a3 Na5 12. Kh1 Nc4 13. Rb1 Qa7 14. Qd3 h5 15. Ng5 Nh6 16. Qf3 Qxd4 17. Re1 Nd2 18. Bxd2 Qxd2 19. Re2 Qxg5 0-1


[Site "https://www.chess.com"]

[Event "Titled Tuesday Blitz June 28 Late 2022"]
[White "Fernandez Siles, Luis"]
[Black "Popilski, Gil"]
[WhiteFideId "2209420"]
[BlackFideId "2809060"]
[WhiteElo "2211"]
[BlackElo "2537"]
[Result "0-1"]
[Round "07"]
[TimeControl "180+1"]
[Date "2022.06.29"]
[WhiteClock "0:01:01"]
[BlackClock "0:01:41"]

1. b3 e5 2. Bb2 f6 3. c4 Ne7 4. Nc3 d5 5. cxd5 Nxd5 6. e3 Nb4 7. d3 c5 8. a3 Nd5 9. Nxd5 Qxd5 10. Nf3 Be6 11. Nd2 Nc6 12. Be2 Qxg2 13. Bf3 Qh3 14. b4 Rd8 15. Qa4 Rxd3 16. Ke2 Rxd2+ 17. Kxd2 Qxf3 18. Rhf1 Bc4 19. b5 Qe2+ 0-1


[Site "https://www.chess.com"]

[Event "Titled Tuesday Blitz June 28 Late 2022"]
[White "Gallegos Diaz, Carlos Alberto"]
[Black "De Souza, Cristiano Gomes"]
[WhiteFideId "3900886"]
[BlackFideId "2151758"]
[WhiteElo "2362"]
[BlackElo "2068"]
[Result "1-0"]
[Round "07"]
[TimeControl "180+1"]
[Date "2022.06.29"]
[WhiteClock "0:00:18"]
[BlackClock "0:00:12"]

1. e4 c5 2. Nf3 d6 3. d4 cxd4 4. Nxd4 Nf6 5. Nc3 a6 6. Bg5 e6 7. f4 Be7 8. Qf3 h6 9. Bxf6 Bxf6 10. O-O-O Nd7 11. Bc4 O-O 12. h4 Qc7 13. Bb3 Nc5 14. g4 g6 15. g5 Bg7 16. h5 hxg5 17. fxg5 b5 18. hxg6 fxg6 19. Qh3 Nxb3+ 20. axb3 Rf2 21. Qh7+ Kf8 22. Rhf1 Qf7 23. Rxf2 Qxf2 24. Nc6 Bb7 25. Na5 Qe3+ 26. Kb1 Bxe4 27. Nxe4 Qxe4 28. Rf1+ Ke8 29. Qg8+ Kd7 30. Qxg7+ Kc8 31. Rf8# 1-0


[Site "https://www.chess.com"]

[Event "Titled Tuesday Blitz June 28 Late 2022"]
[White "Gardezi, Arsal"]
[Black "Petersson, Kjell"]
[WhiteFideId "30949521"]
[BlackFideId "1705148"]
[WhiteElo "1781"]
[BlackElo "2009"]
[Result "1-0"]
[Round "07"]
[TimeControl "180+1"]
[Date "2022.06.29"]
[WhiteClock "0:00:27"]
[BlackClock "0:00:11"]

1. Nf3 f5 2. g3 Nf6 3. Bg2 e6 4. O-O d5 5. d4 Bd6 6. c4 c6 7. Nc3 O-O 8. Ne5 Nbd7 9. Bf4 Ne4 10. Nxe4 Bxe5 11. Ng5 Bxf4 12. Nxe6 Qf6 13. Nxf4 g5 14. Nh3 Nb6 15. cxd5 Nxd5 16. Re1 f4 17. Qd2 fxg3 18. fxg3 Bxh3 19. Bxh3 Qf2+ 20. Kh1 Ne3 21. Rf1 Nxf1 22. Rxf1 Qxf1+ 23. Bxf1 Rxf1+ 24. Kg2 Rf5 25. e4 Rb5 26. a4 Rb3 27. Qxg5+ Kf7 28. Qf5+ Kg7 29. Qe5+ Kf7 30. Qc7+ Kg6 31. Qd6+ Kf7 32. Qd7+ Kf8 33. Qf5+ Kg7 34. Qd7+ Kf8 35. Qd6+ Kg7 36. Qe7+ Kh8 37. Qf6+ Kg8 38. Qe6+ Kg7 39. Qxb3 Rb8 40. d5 cxd5 41. Qc3+ Kf7 42. Qc7+ Ke6 43. Qxb8 1-0


[Site "https://www.chess.com"]

[Event "Titled Tuesday Blitz June 28 Late 2022"]
[White "Glavina, Pablo"]
[Black "Florescu, Codrut-Constantin"]
[WhiteFideId "100234"]
[BlackFideId "1202200"]
[WhiteElo "2369"]
[BlackElo "2191"]
[Result "1-0"]
[Round "07"]
[TimeControl "180+1"]
[Date "2022.06.29"]
[WhiteClock "0:00:36"]
[BlackClock "0:00:31"]

1. e4 c5 2. Nf3 e6 3. d3 d5 4. Qe2 Nf6 5. g3 Nc6 6. Bg2 Be7 7. O-O O-O 8. e5 Ne8 9. c4 Nc7 10. Nc3 Rb8 11. b3 b5 12. Rd1 a5 13. a4 bxc4 14. bxc4 Nb4 15. Nb5 Nxb5 16. axb5 Bb7 17. Bf4 Ra8 18. Ra4 Qb6 19. h4 h6 20. h5 Rfd8 21. Rda1 dxc4 22. dxc4 Rd7 23. Ne1 Bxg2 24. Kxg2 Qb7+ 25. Qf3 Qxf3+ 26. Kxf3 Bd8 27. Be3 Bb6 28. Ke2 Rad8 29. Rxa5 Bxa5 30. Rxa5 Nd3 31. Nxd3 Rxd3 32. Bxc5 Rc3 33. Bd6 Rxc4 34. b6 Rc2+ 35. Kf3 Rb2 36. Ra6 Rd7 37. Ra8+ Kh7 38. Rb8 f6 39. exf6 gxf6 40. Bc5 e5 41. Rc8 Rc2 42. Ke4 Rb7 43. Kf5 Rxb6 44. Rc7+ Kg8 45. Bxb6 1-0


[Site "https://www.chess.com"]

[Event "Titled Tuesday Blitz June 28 Late 2022"]
[White "Gokerkan, Cem Kaan"]
[Black "Gubajdullin, Alexei"]
[WhiteFideId "6336760"]
[BlackFideId "4141202"]
[WhiteElo "2382"]
[BlackElo "2280"]
[Result "1-0"]
[Round "07"]
[TimeControl "180+1"]
[Date "2022.06.28"]
[WhiteClock "0:00:17"]
[BlackClock "0:00:07"]

1. e4 g6 2. d4 Bg7 3. Nc3 d6 4. h4 h6 5. h5 g5 6. f4 gxf4 7. Bxf4 Nc6 8. Nf3 Bg4 9. d5 Ne5 10. Bb5+ c6 11. dxc6 Nxc6 12. Qd3 Qa5 13. Bxc6+ bxc6 14. Nd4 e5 15. Nb3 Qc7 16. Bd2 Nf6 17. Qg3 Rg8 18. Rf1 Qe7 19. Qd3 Bxh5 20. Qa6 Qc7 21. Na5 Rc8 22. Be3 d5 23. exd5 Nxd5 24. Bc5 Nxc3 25. bxc3 e4 26. Bd4 Bxd4 27. cxd4 Rxg2 28. Rf2 Qg3 29. Qxc8+ Ke7 30. Nxc6+ Kd6 31. Qb8+ Kxc6 32. Qxg3 Rxg3 33. Rf6+ Kd5 34. Kf2 Rc3 35. Rf5+ Kxd4 36. Rxh5 Rxc2+ 37. Kg3 e3 38. Rd1+ Ke4 39. Rh4+ Ke5 40. Rxh6 e2 41. Re1 Rxa2 42. Kf3 Ra3+ 43. Kxe2 f5 44. Kd2+ Kf4 45. Rh4+ Kg5 46. Rc4 Rf3 47. Re7 a5 48. Ra7 Ra3 49. Rc5 Kg4 50. Raxa5 Rf3 51. Ke2 Rf4 52. Rc8 Re4+ 53. Kf2 Rf4+ 54. Kg2 Rb4 55. Rc2 Kf4 56. Rac5 Kg4 57. R5c4+ Rxc4 58. Rxc4+ f4 59. Kf2 Kf5 60. Kf3 Ke5 61. Rxf4 Kd5 62. Ke3 Ke5 63. Re4+ Kd5 64. Kf4 Kd6 65. Re5 Kc6 66. Ke4 Kd6 67. Kd4 Kc6 68. Rd5 Kc7 69. Kc5 Kb7 70. Rd7+ Kc8 71. Kc6 Kb8 72. Rc7 Ka8 73. Kb6 Kb8 74. Rc6 Ka8 75. Rc8# 1-0


[Site "https://www.chess.com"]

[Event "Titled Tuesday Blitz June 28 Late 2022"]
[White "Gurevich, Dmitry"]
[Black "Martinez, Shawn"]
[WhiteFideId "2000407"]
[BlackFideId "2039770"]
[WhiteElo "2506"]
[BlackElo "2174"]
[Result "1-0"]
[Round "07"]
[TimeControl "180+1"]
[Date "2022.06.29"]
[WhiteClock "0:00:11"]
[BlackClock "0:00:02"]

1. d4 g6 2. e4 Bg7 3. Nf3 h6 4. c3 b6 5. Bd3 Bb7 6. O-O a6 7. Re1 d6 8. a4 e6 9. Nbd2 Ne7 10. Qe2 Nd7 11. Nc4 O-O 12. e5 Bxf3 13. Qxf3 dxe5 14. Nxe5 Nxe5 15. dxe5 c5 16. Bf4 Qc7 17. h4 Nf5 18. Bxf5 gxf5 19. Rad1 Rfd8 20. Rd6 Bf8 21. Rdd1 b5 22. axb5 axb5 23. g4 Rxd1 24. Rxd1 Ra4 25. gxf5 exf5 26. Kh1 Qe7 27. Rg1+ Bg7 28. Qg3 f6 29. e6 Kh8 30. Bd6 Qb7+ 31. f3 Rg4 32. Qf2 Qd5 33. e7 Rxg1+ 34. Kxg1 Qe6 35. Kf1 Kg8 36. Qe2 Qxe2+ 37. Kxe2 Kf7 38. Bxc5 h5 39. Kd3 Bh6 40. c4 bxc4+ 41. Kxc4 Bf4 42. Kd5 Bg3 43. b4 Bxh4 44. b5 Bg3 45. b6 Ke8 46. b7 1-0


[Site "https://www.chess.com"]

[Event "Titled Tuesday Blitz June 28 Late 2022"]
[White "Hakobyan, Aram"]
[Black "Steinberg, Nitzan"]
[WhiteFideId "13306677"]
[BlackFideId "2801795"]
[WhiteElo "2557"]
[BlackElo "2471"]
[Result "0-1"]
[Round "07"]
[TimeControl "180+1"]
[Date "2022.06.28"]
[WhiteClock "0:00:03"]
[BlackClock "0:00:06"]

1. e4 c5 2. Nf3 d6 3. Bb5+ Bd7 4. Bxd7+ Nxd7 5. O-O Ngf6 6. Qe2 e6 7. c3 Be7 8. d4 O-O 9. e5 Ne8 10. Rd1 d5 11. Nbd2 Rc8 12. Nf1 cxd4 13. cxd4 Qb6 14. Bg5 Bxg5 15. Nxg5 h6 16. Nf3 Nc7 17. Ng3 Qb5 18. Qd2 Na6 19. Nh5 Rc7 20. Qf4 Qxb2 21. Qg4 g6 22. Nf4 Qc2 23. h4 Qf5 24. Qg3 Rfc8 25. Rab1 b6 26. Rb3 Rc3 27. Rd3 Rc1+ 28. Kh2 Ra1 29. Rdc3 Rc4 30. Rxc4 dxc4 31. Ra3 Nab8 32. Rxa7 c3 33. Rc7 c2 34. Ne2 Qd3 35. h5 Nf8 36. Qf4 Nbd7 37. hxg6 Qxg6 38. Ng3 h5 39. Ne4 c1=Q 40. Rxc1 Rxc1 41. Qxc1 Qxe4 42. Qg5+ Qg6 43. Qe7 Qg4 44. Ng5 Qf4+ 45. Kg1 Qf5 46. g3 b5 47. a3 Nb6 0-1


[Site "https://www.chess.com"]

[Event "Titled Tuesday Blitz June 28 Late 2022"]
[White "Hansen, Eric"]
[Black "Flynn, Jacob"]
[WhiteFideId "2606771"]
[BlackFideId "2509393"]
[WhiteElo "2893"]
[BlackElo "2380"]
[Result "1-0"]
[Round "07"]
[TimeControl "180+1"]
[Date "2022.06.29"]
[WhiteClock "0:00:13"]
[BlackClock "0:00:02"]

1. c4 Nf6 2. Nc3 c5 3. Nf3 Nc6 4. e3 e6 5. d4 d5 6. a3 dxc4 7. Bxc4 a6 8. O-O b5 9. Be2 Bb7 10. dxc5 Bxc5 11. b4 Be7 12. Bb2 O-O 13. Qb1 Qb6 14. Ne4 Nxe4 15. Qxe4 Rfd8 16. Qg4 Bf8 17. Ng5 h6 18. Nf3 Ne7 19. Bd4 Qc6 20. Rac1 Qe4 21. Ne5 Qxg4 22. Bxg4 Rac8 23. Bh5 g6 24. Bf3 Bxf3 25. Nxf3 Rxc1 26. Rxc1 Rc8 27. Rd1 Nd5 28. g4 Bg7 29. Ne5 Rc2 30. h4 Ra2 31. Rc1 Bf6 32. Rc8+ Kg7 33. g5 hxg5 34. hxg5 Bxg5 35. Ng4+ f6 36. f4 Bh4 37. Ra8 Rxa3 38. Ra7+ Kf8 39. Kg2 Ra2+ 40. Kh3 Be1 41. Bxf6 Nxf6 42. Nxf6 Bxb4 43. Kg4 Rg2+ 44. Kf3 Ra2 45. Ke4 1-0


[Site "https://www.chess.com"]

[Event "Titled Tuesday Blitz June 28 Late 2022"]
[White "Hoffmann, Asa"]
[Black "Rizzo, Tobias"]
[WhiteFideId "2001470"]
[BlackFideId "30942691"]
[WhiteElo "2117"]
[BlackElo "2300"]
[Result "1-0"]
[Round "07"]
[TimeControl "180+1"]
[Date "2022.06.29"]
[WhiteClock "0:00:26"]
[BlackClock "0:00:01"]

1. d4 Nf6 2. Bg5 Ne4 3. Bf4 c5 4. f3 Nf6 5. dxc5 Qa5+ 6. Nc3 Nc6 7. e4 e5 8. Bg3 Bxc5 9. Bd3 O-O 10. Ne2 Be3 11. a3 Qb6 12. b4 d6 13. Rf1 Nh5 14. Bf2 Bxf2+ 15. Rxf2 Nd4 16. Qd2 Be6 17. g4 Nf6 18. Ng3 Rac8 19. g5 Nd7 20. Nf5 Bxf5 21. Nd5 Nxf3+ 22. Rxf3 Qg1+ 23. Rf1 Qg4 24. exf5 Rfe8 25. f6 g6 26. Ne7+ Rxe7 27. fxe7 e4 28. Bc4 Ne5 29. Qxd6 Qxg5 30. Be2 Qh4+ 31. Kd2 e3+ 32. Kc1 Qg5 33. Ra2 Nc6 34. Kb1 Qxe7 35. Qxe7 Nxe7 36. c4 Nf5 37. Rc2 Nd4 38. Rb2 b5 39. Rd1 Nf5 40. cxb5 Re8 41. a4 1-0


[Site "https://www.chess.com"]

[Event "Titled Tuesday Blitz June 28 Late 2022"]
[White "Howell, David W L"]
[Black "Tanenbaum, Zachary"]
[WhiteFideId "410608"]
[BlackFideId "2060850"]
[WhiteElo "2559"]
[BlackElo "2175"]
[Result "0-1"]
[Round "07"]
[TimeControl "180+1"]
[Date "2022.06.28"]
[WhiteClock "0:00:01"]
[BlackClock "0:00:15"]

1. g4 e5 2. Bg2 h5 3. d4 exd4 4. g5 Nc6 5. Nf3 Bc5 6. Nbd2 f6 7. Nb3 Bb6 8. Qd3 Qe7 9. a3 d5 10. Bf4 Qe4 11. Qd2 Bf5 12. O-O-O Na5 13. Nxa5 Bxa5 14. b4 Bb6 15. Nh4 Qe6 16. e4 dxe4 17. Nxf5 Qa2 18. Qxd4 Bxd4 19. Rxd4 Ne7 20. Rxe4 Qa1+ 21. Kd2 O-O-O+ 22. Ke2 Qxa3 23. Nxe7+ Kb8 24. Rc4 Qa6 25. Bxc7+ Ka8 26. Bxd8 Qxc4+ 27. Ke3 Rxd8 28. gxf6 Qc3+ 0-1


[Site "https://www.chess.com"]

[Event "Titled Tuesday Blitz June 28 Late 2022"]
[White "Ipek, Egehan"]
[Black "Mirzoev, Azer"]
[WhiteFideId "44523793"]
[BlackFideId "13400304"]
[WhiteElo "1413"]
[BlackElo "2525"]
[Result "0-1"]
[Round "07"]
[TimeControl "180+1"]
[Date "2022.06.29"]
[WhiteClock "0:00:01"]
[BlackClock "0:00:10"]

1. c4 Nf6 2. Nf3 c5 3. g3 b6 4. Bg2 Bb7 5. O-O e6 6. b3 Be7 7. Bb2 O-O 8. d4 cxd4 9. Qxd4 Nc6 10. Qf4 Qb8 11. Qxb8 Raxb8 12. Nc3 Rfd8 13. Rfd1 a6 14. Rac1 Ba8 15. Na4 b5 16. cxb5 axb5 17. Nc5 d6 18. Na6 Rb6 19. Nc7 Bb7 20. Nd4 Na7 21. Bxb7 Rxb7 22. Na6 b4 23. Nc6 Nxc6 24. Rxc6 Ra8 25. Rdc1 Bf8 26. R1c2 h5 27. Bc1 d5 28. Bd2 Ne4 29. Be1 g5 30. f3 Nf6 31. Kg2 g4 32. h3 gxf3+ 33. exf3 Nd7 34. Kf2 Ne5 35. Nc7 Raa7 36. R6c5 Bxc5+ 37. Rxc5 Nd3+ 38. Ke3 Nxc5 39. Nb5 Rxb5 0-1


[Site "https://www.chess.com"]

[Event "Titled Tuesday Blitz June 28 Late 2022"]
[White "Jaskolka, Tomasz"]
[Black "Adla, Diego"]
[WhiteFideId "1170791"]
[BlackFideId "100072"]
[WhiteElo "2465"]
[BlackElo "2598"]
[Result "1-0"]
[Round "07"]
[TimeControl "180+1"]
[Date "2022.06.29"]
[WhiteClock "0:00:17"]
[BlackClock "0:00:01"]

1. d4 Nf6 2. Bf4 e6 3. e3 b6 4. Nd2 Bb7 5. Ngf3 c5 6. Nc4 Be7 7. Nd6+ Bxd6 8. Bxd6 Ne4 9. dxc5 bxc5 10. Be2 Qb6 11. Be5 d6 12. Bg3 Qxb2 13. O-O Nc3 14. Qd2 Nxe2+ 15. Qxe2 Ba6 16. Qd2 Bxf1 17. Rxf1 O-O 18. Qxd6 Qxa2 19. Rd1 Na6 20. Be5 f6 21. Ra1 Qd5 22. Qxd5 exd5 23. Bd6 Rfe8 24. Rxa6 Re6 25. Nd2 Rd8 26. Rxa7 Rexd6 27. Kf1 Rc6 28. Ke2 c4 29. Nf3 c3 30. Nd4 Rc4 31. Ne6 Re8 32. Nxg7 Re5 33. h3 h5 34. f3 h4 35. Kd3 Rc6 36. f4 Re4 37. Nf5 Rce6 38. Nh6+ Kf8 39. Ng4 1-0


[Site "https://www.chess.com"]

[Event "Titled Tuesday Blitz June 28 Late 2022"]
[White "Jorajuria Mendoza, Algol"]
[Black "Przybylski, Wojciech"]
[WhiteFideId "5128897"]
[BlackFideId "1117599"]
[WhiteElo "1600"]
[BlackElo "2133"]
[Result "1-0"]
[Round "07"]
[TimeControl "180+1"]
[Date "2022.06.28"]
[WhiteClock "0:00:13"]
[BlackClock "0:00:02"]

1. e4 c5 2. Nc3 e6 3. g3 h5 4. h4 Nf6 5. Bg2 Nc6 6. d3 d5 7. exd5 exd5 8. Bg5 Be6 9. Nge2 Be7 10. Nf4 d4 11. Nxe6 fxe6 12. Nb1 Qb6 13. b3 O-O-O 14. Nd2 Ne5 15. Bf4 Bd6 16. Qe2 Qc7 17. O-O Rhe8 18. a4 Neg4 19. Bg5 Qf7 20. a5 a6 21. Nc4 Be7 22. Qf3 Bd6 23. Rab1 Ne5 24. Nxe5 Bxe5 25. b4 c4 26. b5 Qc7 27. bxa6 Nd5 28. axb7+ Kb8 29. dxc4 Rf8 30. Qe4 Nc3 31. Qd3 Na4 32. a6 Nc5 33. Qa3 1-0


[Site "https://www.chess.com"]

[Event "Titled Tuesday Blitz June 28 Late 2022"]
[White "Kapitsyn, Mark"]
[Black "Jeet, Jain"]
[WhiteFideId "4116240"]
[BlackFideId "5073022"]
[WhiteElo "2270"]
[BlackElo "2055"]
[Result "0-1"]
[Round "07"]
[TimeControl "180+1"]
[Date "2022.06.29"]
[WhiteClock "0:00:02"]
[BlackClock "0:01:13"]

1. e4 c5 2. c3 Nf6 3. e5 Nd5 4. d4 cxd4 5. Nf3 Nc6 6. cxd4 d6 7. Bc4 dxe5 8. dxe5 Be6 9. O-O g6 10. Re1 Bg7 11. Qe2 O-O 12. Nc3 Nxc3 13. bxc3 Bxc4 14. Qxc4 e6 15. Bg5 Qa5 16. Rab1 Nxe5 17. Nxe5 Bxe5 18. Qh4 Qxc3 19. Rxe5 Qxe5 20. Qh6 Qg7 21. Qh4 f6 22. Bh6 Qd7 23. Bxf8 Rxf8 24. Qb4 b6 25. h4 Rd8 26. a4 Qd6 27. Qb3 Qd5 28. Qb4 Qc5 29. Qb3 Kf7 30. Re1 Qd5 31. Qb4 Rc8 32. h5 Qxh5 33. Qd6 Qd5 34. Qh2 h5 35. Qf4 Rc4 36. Qh6 Ke7 37. Qg7+ Kd6 38. Qxf6 Rxa4 39. Qd8+ Kc5 40. Rc1+ Rc4 41. Qc7+ Kb5 42. Rb1+ Rb4 43. Rxb4+ Kxb4 44. Qxa7 b5 45. Qe7+ Kb3 46. Qh4 b4 47. Qg3+ Ka2 48. Qxg6 b3 49. Qe8 b2 50. Qa4+ Kb1 51. Kh2 Kc1 52. Qa3 Qe5+ 53. g3 Qe2 54. Qc3+ Kd1 55. Qb3+ Ke1 0-1


[Site "https://www.chess.com"]

[Event "Titled Tuesday Blitz June 28 Late 2022"]
[White "Katz, Alexander"]
[Black "Souleidis, Georgios"]
[WhiteFideId "2039796"]
[BlackFideId "4206827"]
[WhiteElo "2371"]
[BlackElo "2401"]
[Result "1-0"]
[Round "07"]
[TimeControl "180+1"]
[Date "2022.06.28"]
[WhiteClock "0:00:55"]
[BlackClock "0:00:09"]

1. e4 e5 2. Nf3 d6 3. d4 Bg4 4. dxe5 Nd7 5. exd6 Bxd6 6. Nc3 Qe7 7. h3 Bh5 8. Be2 O-O-O 9. Be3 Ngf6 10. Qd4 Bc5 11. Nd5 Nxd5 12. Qxd5 Bxe3 13. Qxh5 Bb6 14. O-O g6 15. Qh4 f6 16. Rad1 h5 17. Rfe1 g5 18. Qg3 Rhg8 19. Bc4 Rg7 20. e5 Nxe5 21. Rxd8+ Qxd8 22. Nxe5 fxe5 23. Qxe5 Qh8 24. Qe6+ Kd8 25. Rd1+ 1-0


[Site "https://www.chess.com"]

[Event "Titled Tuesday Blitz June 28 Late 2022"]
[White "Kim, Sergey"]
[Black "Estrada Nieto, Julian"]
[WhiteFideId "13700570"]
[BlackFideId "5101018"]
[WhiteElo "2594"]
[BlackElo "2459"]
[Result "1/2-1/2"]
[Round "07"]
[TimeControl "180+1"]
[Date "2022.06.29"]
[WhiteClock "0:00:20"]
[BlackClock "0:00:13"]

1. d4 d5 2. c4 dxc4 3. e3 Nf6 4. Bxc4 e6 5. Nf3 a6 6. O-O c5 7. Qe2 Nc6 8. Rd1 Qc7 9. Nc3 b5 10. Bb3 Bb7 11. d5 exd5 12. Nxd5 Nxd5 13. Bxd5 Be7 14. e4 O-O 15. Be3 Nb4 16. Bxb7 Qxb7 17. a3 Nc6 18. Rd5 Rad8 19. Rad1 c4 20. Bg5 Bxg5 21. Nxg5 h6 22. Nf3 Qe7 23. Qe3 Rfe8 24. h3 Rc8 25. e5 b4 26. axb4 Qxb4 27. R1d2 Re7 28. Nd4 Nxd4 29. R5xd4 Rce8 30. f4 f6 31. Rd8 fxe5 32. fxe5 Qb5 33. Rxe8+ Rxe8 34. e6 Qg5 35. Qxg5 hxg5 36. Rd6 a5 37. Ra6 Kf8 38. Kf2 Rb8 39. Rxa5 Rxb2+ 40. Kf3 c3 41. Rxg5 c2 42. Rc5 Ke7 43. Rc6 Kf6 44. h4 g6 45. g3 Rb3+ 46. Kg4 Rb4+ 47. Kh3 Rb2 48. Kg4 Rb4+ 49. Kf3 Rb3+ 50. Kf2 Rb2 51. Ke3 Rb3+ 52. Kf2 Rb2 53. Kf3 Rb3+ 1/2-1/2


[Site "https://www.chess.com"]

[Event "Titled Tuesday Blitz June 28 Late 2022"]
[White "Kohler, Aran"]
[Black "Janturin, Artur"]
[WhiteFideId "1002856"]
[BlackFideId "4130022"]
[WhiteElo "2278"]
[BlackElo "2383"]
[Result "0-1"]
[Round "07"]
[TimeControl "180+1"]
[Date "2022.06.29"]
[WhiteClock "0:00:01"]
[BlackClock "0:00:10"]

1. Nf3 b5 2. c3 Bb7 3. e3 a6 4. d4 Nf6 5. a4 c6 6. Nbd2 g6 7. Bd3 Bg7 8. O-O O-O 9. Qb3 Qc7 10. c4 bxc4 11. Nxc4 d6 12. Nb6 Ra7 13. Bd2 Nbd7 14. Ba5 Qb8 15. Nc4 Ba8 16. Qc2 Nd5 17. Ra3 Nb4 18. Bxb4 Qxb4 19. Qc3 c5 20. Qxb4 cxb4 21. Raa1 a5 22. Ncd2 e5 23. dxe5 Nxe5 24. Nxe5 dxe5 25. Be4 Rd8 26. Bxa8 Rxd2 27. Bc6 Rxb2 28. e4 Rc7 29. Bd5 Rcc2 30. Rac1 Bf8 31. Rxc2 Rxc2 32. g4 Bc5 33. Kg2 Kf8 34. Kg3 g5 35. f3 Be3 36. Kh3 Bf4 37. Rh1 Ke7 38. Bb3 Rb2 39. Bd5 f6 40. Bc4 h6 41. Bd5 Rd2 42. Bc4 Kd6 43. Bd5 Rc2 44. Bb3 Rd2 45. Bd5 Kc5 46. Rc1+ Kd4 47. Rh1 Kc3 48. Rc1+ Kb2 49. Rh1 b3 50. Bxb3 Kxb3 51. Rb1+ Ka2 0-1


[Site "https://www.chess.com"]

[Event "Titled Tuesday Blitz June 28 Late 2022"]
[White "Korchmar, Vasiliy"]
[Black "Barria Zuniga, Daniel"]
[WhiteFideId "24131750"]
[BlackFideId "3400816"]
[WhiteElo "2370"]
[BlackElo "2414"]
[Result "0-1"]
[Round "07"]
[TimeControl "180+1"]
[Date "2022.06.28"]
[WhiteClock "0:00:01"]
[BlackClock "0:00:53"]

1. e4 c5 2. Nf3 e6 3. d4 cxd4 4. Nxd4 a6 5. Nc3 Qc7 6. g3 Bb4 7. Bd2 Nc6 8. Nb3 Nf6 9. Bg2 O-O 10. O-O Be7 11. f4 b5 12. e5 Ne8 13. a4 b4 14. Ne4 d6 15. exd6 Nxd6 16. Nec5 Nc4 17. Qf3 Nxd2 18. Qxc6 Ra7 19. Rfd1 Nc4 20. Nd3 Ne3 21. Rd2 Nxg2 22. Qxc7 Rxc7 23. Kxg2 Bb7+ 24. Kf2 Rfc8 25. Rc1 Bd5 26. Nd4 f6 27. Nf3 Bc6 28. b3 Bd5 29. Nde1 Bc5+ 30. Ke2 a5 31. f5 Kf7 32. fxe6+ Kxe6 33. Nd4+ Bxd4 34. Rxd4 Ke5 35. Rd2 Be4 36. Nd3+ Bxd3+ 37. Kxd3 Rc3+ 38. Ke2 Rxb3 39. Re1 Rbc3 40. Kf2+ Kf5 41. Rd5+ Kg6 42. Rxa5 Rxc2+ 43. Kf3 R8c3+ 44. Kg4 h5+ 45. Kf4 Rf2+ 46. Ke4 b3 47. Rb5 Rxh2 48. Rb1 Rg2 49. R1xb3 Rgxg3 50. Rxc3 Rxc3 0-1


[Site "https://www.chess.com"]

[Event "Titled Tuesday Blitz June 28 Late 2022"]
[White "Kostiukov, Alexandr"]
[Black "Tologon tegin, Semetei"]
[WhiteFideId "14108100"]
[BlackFideId "13800574"]
[WhiteElo "2202"]
[BlackElo "2174"]
[Result "0-1"]
[Round "07"]
[TimeControl "180+1"]
[Date "2022.06.29"]
[WhiteClock "0:00:01"]
[BlackClock "0:00:51"]

1. g3 d5 2. Bg2 Nf6 3. d3 c6 4. e4 dxe4 5. dxe4 Qxd1+ 6. Kxd1 e5 7. f3 Bc5 8. Nd2 Be6 9. Bh3 Bxh3 10. Nxh3 h6 11. Ke2 Nbd7 12. a4 Nf8 13. Nc4 N6d7 14. a5 a6 15. c3 Ne6 16. b4 Ba7 17. Be3 Bxe3 18. Kxe3 Ke7 19. Rhd1 Rad8 20. Nd6 c5 21. Nxb7 Rb8 22. Nxc5 Ndxc5 23. bxc5 Rhc8 24. Rdb1 Rxb1 25. Rxb1 Rxc5 26. Rb7+ Kf6 27. Kd3 Rxa5 28. Rb6 Ra2 29. f4 Rxh2 30. Ng1 exf4 31. gxf4 g6 32. Nf3 Rh3 33. Ke3 a5 34. Ra6 g5 35. fxg5+ hxg5 36. Kf2 g4 37. Nd4 Rxc3 38. Nxe6 fxe6 39. Rxa5 Rf3+ 40. Ke2 e5 41. Ra8 Kg5 42. Ra4 Kf4 43. Rb4 Re3+ 44. Kf2 Rxe4 45. Rb8 g3+ 46. Kf1 Kf3 47. Rf8+ Rf4 48. Re8 e4 49. Kg1 e3 50. Re6 e2 51. Re8 Re4 52. Rf8+ Ke3 0-1


[Site "https://www.chess.com"]